Map: Moondance

Players

Vindicta

  • Race: Terran Terran
  • Spawn Location: 12:00

GungFuBanDa - Winner!

  • Race: Protoss Protoss
  • Spawn Location: 6:00

Event: DreamHack SC2 Masters 2022 Atlanta (Offline)

VOD

Have the link to the VOD?

Description

Time

  • Played on: Nov. 18, 2022, 2:33 p.m.
  • Length: 27:56

All games in this series

Show
View Real Time Build Order
Export as new Build Order

Vindicta Terran 

Build Orders:  

Get SALT Encoding   

  12  0:00  SCV  
  13  0:12  SCV  
  14  0:19  Supply Depot  
  14  0:24  SCV  
  15  0:40  SCV  
  15  0:42  Barracks  
  16  0:45  Refinery  
  16  0:53  SCV  
  16  0:54  Refinery  
  17  1:05  SCV  
  18  1:17  SCV  
  19  1:32  Reaper, Orbital Command  
  20  1:36  Supply Depot  
  20  1:44  Factory  
  20  1:57  SCV  
  21  2:05  Reaper  
  22  2:10  SCV  
  23  2:22  SCV  
  24  2:25  Command Center  
  26  2:30  Hellion  
  26  2:34  SCV  
  28  2:37  Reaper  
  28  2:41  Supply Depot  
  28  2:46  SCV  
  31  2:51  Hellion  
  31  2:56  Starport  
  31  3:03  SCV  
  32  3:09  Barracks Reactor  
  32  3:13  Factory Tech Lab  
  32  3:15  SCV  
  33  3:27  SCV  
  33  3:31  Cyclone  
  33  3:33  Viking  
  39  3:39  SCV  
  39  3:40  Orbital Command  
  38  3:46  Marine x2  
  40  3:51  SCV  
  41  4:03  Cyclone, SCV  
  41  4:04  Marine x2  
  41  4:06  Viking  
  41  4:08  SCV  
  50  4:11  Supply Depot  
  50  4:15  SCV  
  50  4:20  SCV  
  51  4:27  SCV  
  51  4:28  Marine  
  51  4:29  Marine  
  54  4:33  Supply Depot, SCV  
  54  4:36  Medivac  
  57  4:38  Siege Tank  
  57  4:40  SCV  
  57  4:45  SCV  
  62  4:52  Command Center  
  58  4:54  Marine x2  
  58  4:57  SCV  
  62  5:02  Supply Depot  
  62  5:05  Barracks  
  61  5:08  Starport Tech Lab  
  61  5:09  SCV  
  61  5:10  SCV  
  63  5:17  Siege Tank  
  63  5:18  Barracks  
  63  5:20  Marine  
  63  5:21  SCV  
  68  5:25  Supply Depot  
  68  5:30  Refinery  
  68  5:31  SCV  
  68  5:32  Refinery  
  69  5:36  Engineering Bay, Marine  
  69  5:38  SCV  
  69  5:41  Marine  
  69  5:43  SCV  
  64  5:50  SCV  
  64  5:53  Marine  
  64  5:55  SCV  
  67  5:58  Command Center  
  67  6:02  SCV  
  66  6:07  SCV  
  66  6:08  Terran Infantry Weapons Level 1  
  66  6:09  Marine  
  66  6:13  Marine  
  66  6:14  SCV  
  66  6:17  Starport Reactor  
  68  6:19  SCV  
  68  6:20  Marauder  
  71  6:26  SCV  
  71  6:27  Marine x2, Factory Reactor  
  71  6:31  SCV  
  75  6:33  Marine  
  75  6:38  SCV  
  77  6:40  Supply Depot  
  77  6:41  Supply Depot  
  77  6:45  Marine  
  80  6:49  SCV  
  80  6:50  SCV  
  81  6:55  Barracks Tech Lab x2  
  79  7:02  Engineering Bay, SCV  
  79  7:03  Medivac  
  79  7:04  Engineering Bay, SCV  
  83  7:09  Orbital Command  
  83  7:11  Factory Reactor  
  83  7:13  Factory Tech Lab, Combat Shield  
  83  7:14  Stimpack, Marauder  
  83  7:15  SCV, Marauder  
  88  7:19  SCV  
  88  7:22  Bunker  
  88  7:26  Marine x2  
  88  7:27  SCV  
  89  7:30  Supply Depot  
  89  7:31  Terran Infantry Armor Level 1  
  89  7:34  SCV, Siege Tank  
  89  7:35  SCV  
  94  7:37  Marine  
  94  7:39  SCV, Medivac  
  94  7:41  Medivac  
  100  7:44  Marauder, Marine  
  100  7:47  SCV  
  100  7:50  Supply Depot  
  105  7:51  SCV  
  105  7:57  Refinery  
  105  8:00  Marauder  
  105  8:01  Barracks  
  105  8:02  Barracks  
  107  8:05  SCV  
  107  8:06  Marauder, Marine  
  107  8:10  SCV  
  113  8:13  Supply Depot  
  113  8:15  Supply Depot, Siege Tank  
  113  8:16  Marine  
  116  8:20  Ghost Academy  
  116  8:21  SCV  
  116  8:22  Marauder  
  116  8:24  SCV  
  125  8:28  Marauder  
  125  8:29  Liberator  
  125  8:34  Liberator  
  125  8:36  Supply Depot  
  125  8:37  Supply Depot  
  125  8:38  Supply Depot  
  127  8:46  SCV  
  127  8:48  Command Center  
  127  8:49  Barracks Reactor, Marauder  
  127  8:52  Enhanced Shockwaves  
  129  8:55  Ghost  
  129  8:56  Barracks Tech Lab  
  129  9:00  SCV x3  
  129  9:02  Supply Depot  
  133  9:04  Siege Tank  
  133  9:09  Concussive Shells, Ghost  
  136  9:13  Viking  
  140  9:21  Viking  
  140  9:23  Marine  
  140  9:24  Marauder, Marine  
  140  9:25  Marauder  
  140  9:29  Supply Depot, Marine x2  
  140  9:30  Armory  
  145  9:36  SCV  
  145  9:37  SCV x2  
  148  9:38  Marine  
  148  9:39  Supply Depot  
  148  9:41  Marine  
  148  9:44  Viking  
  148  9:45  Marine  
  154  9:46  Marine  
  154  9:48  SCV  
  154  9:49  Siege Tank  
  157  9:59  Sensor Tower, Marauder  
  159  10:00  Marine x2  
  159  10:02  Marine  
  159  10:04  Marauder, Marine  
  159  10:06  SCV  
  166  10:11  Barracks Tech Lab  
  166  10:20  Viking  
  166  10:21  Refinery  
  167  10:24  Planetary Fortress  
  167  10:26  Refinery  
  167  10:29  Ghost  
  167  10:32  Missile Turret  
  166  10:36  Marine x2  
  166  10:38  Sensor Tower  
  166  10:42  Marine  
  162  10:44  Ghost  
  162  10:45  Command Center  
  164  10:50  Terran Infantry Weapons Level 2  
  164  10:56  Marine x2  
  166  10:57  SCV  
  166  10:58  SCV x2  
  166  11:01  Terran Infantry Armor Level 2  
  169  11:05  Marauder, Marine  
  169  11:06  Barracks x2  
  169  11:09  Medivac  
  174  11:12  Medivac  
  176  11:20  Missile Turret, Terran Ship Weapons Level 1, Marine x3  
  176  11:21  Missile Turret x2  
  176  11:22  Missile Turret  
  179  11:26  Marauder  
  179  11:31  Missile Turret  
  179  11:32  Missile Turret  
  181  11:34  Siege Tank  
  181  11:37  Ghost  
  186  11:40  Liberator  
  189  11:48  Liberator  
  189  11:49  Marauder  
  194  11:54  Barracks Tech Lab x2  
  194  11:59  Marauder  
  196  12:07  Marauder  
  198  12:09  Missile Turret  
  198  12:17  Marauder  
  200  12:27  Liberator, Fusion Core, Starport  
  200  12:36  Armory, Sensor Tower  
  200  12:47  Refinery  
  200  12:52  Refinery  
  200  12:55  Planetary Fortress  
  200  13:08  Starport Reactor  
  200  13:18  Terran Infantry Weapons Level 3  
  200  13:21  Command Center  
  200  13:23  Terran Infantry Armor Level 3  
  200  13:24  Terran Ship Weapons Level 2  
  200  13:25  Terran Vehicle And Ship Armor Level 1, Advanced Ballistics  
  200  13:27  Command Center  
  200  13:30  Command Center  
  200  13:36  Missile Turret  
  200  13:38  Missile Turret  
  200  13:45  Ghost Academy, Personal Cloaking  
  200  13:46  Ghost Academy  
  200  14:00  Liberator  
  200  14:14  Barracks Tech Lab  
  200  14:16  Nuke x2  
  200  14:27  Missile Turret  
  200  14:29  Missile Turret  
  200  14:30  Missile Turret x2  
  200  14:31  Missile Turret  
  200  14:35  Orbital Command  
  200  14:40  Missile Turret  
  200  14:44  Liberator x2  
  199  14:46  Orbital Command x2  
  199  15:11  Nuke  
  199  15:13  Liberator  
  200  15:16  Liberator  
  200  15:19  Command Center  
  200  15:23  Terran Vehicle And Ship Armor Level 2  
  199  15:30  Liberator  
  199  15:31  Liberator  
  199  15:35  Rapid Reignition System  
  199  15:40  Command Center  
  195  15:51  Ghost  
  195  15:53  Nuke  
  195  15:55  Liberator, Terran Ship Weapons Level 3  
  195  15:56  Refinery x2  
  200  15:59  Nuke  
  200  16:02  Orbital Command  
  200  16:03  Missile Turret x2  
  200  16:04  Missile Turret x2  
  200  16:05  Missile Turret  
  200  16:06  Missile Turret  
  200  16:07  Missile Turret  
  200  16:17  Nuke  
  199  16:22  Liberator  
  200  16:35  Missile Turret  
  200  16:36  Missile Turret  
  200  16:44  Sensor Tower  
  198  16:56  Liberator  
  198  16:59  Liberator  
  197  17:02  Liberator  
  197  17:05  Liberator  
  197  17:10  Planetary Fortress  
  197  17:19  Orbital Command  
  197  17:21  Marine  
  197  17:22  Marauder  
  200  17:26  Marine  
  200  17:29  Marine  
  200  17:30  Marauder  
  200  17:31  Marine  
  200  17:32  Marine  
  197  17:38  Liberator  
  200  17:51  Terran Vehicle And Ship Armor Level 3  
  193  18:05  Ghost  
  193  18:07  Ghost  
  193  18:08  Ghost x2  
  200  18:16  Missile Turret  
  200  18:19  Missile Turret  
  200  18:42  Missile Turret  
  200  18:44  Missile Turret  
  200  18:50  Liberator  
  200  18:51  Missile Turret  
  200  19:08  Neosteel Armor  
  200  19:09  Hi-Sec Auto Tracking  
  197  19:21  Liberator  
  200  19:35  Liberator, Marauder, Marine  
  199  19:41  Marine  
  200  19:48  SCV  
  200  19:52  Nuke  
  200  19:53  Nuke  
  200  19:55  Nuke  
  200  20:05  Ghost  
  200  20:06  Ghost x2  
  198  20:08  Marine  
  199  20:19  Marine  
  198  20:32  Missile Turret  
  198  20:33  Ghost  
  198  20:35  Missile Turret  
  200  20:37  Nuke  
  200  20:48  Command Center, Ghost x2  
  200  20:49  Barracks  
  200  20:50  Barracks  
  200  20:51  Liberator  
  196  20:59  Liberator  
  199  21:14  Nuke  
  199  21:31  Marine  
  199  21:32  Marine  
  200  21:35  Marine  
  200  21:37  Marine x3  
  200  21:38  Marauder  
  197  21:40  Liberator  
  197  21:43  Marine x2  
  197  21:44  Viking, Marine  
  197  21:49  Marine  
  197  21:50  Marine  
  197  21:52  Liberator  
  197  21:53  Marauder  
  193  21:55  Marine  
  193  21:56  Viking, Marauder  
  193  21:57  Marine  
  193  21:58  Marine  
  193  22:00  Marine  
  192  22:01  Marauder  
  192  22:03  Marauder  
  192  22:07  Marine  
  192  22:08  Marine  
  190  22:13  Marine  
  190  22:14  Viking, Marine  
  190  22:15  Marauder  
  180  22:16  Marine  
  180  22:17  Marauder  
  180  22:18  Marine  
  183  22:22  Marauder  
  183  22:23  Liberator  
  183  22:24  Marauder  
  183  22:25  Marine  
  183  22:26  Liberator, Marine  
  183  22:29  SCV x2  
  191  22:30  Marine, Starport  
  191  22:31  Nuke  
  191  22:34  Ghost  
  191  22:35  Liberator, Ghost  
  191  22:36  Marine  
  198  22:37  Marauder  
  198  22:38  Marauder  
  198  22:43  Marine x2  
  198  22:44  Liberator  
  196  22:49  Planetary Fortress  
  199  22:54  Marine  
  199  22:56  Marine  
  198  23:10  Missile Turret  
  198  23:13  Starport Reactor  
  198  23:15  Sensor Tower  
  198  23:19  Nuke  
  198  23:20  Sensor Tower  
  198  23:26  Nuke  
  198  23:30  Refinery x2  
  198  23:32  Command Center  
  198  23:33  Liberator  
  199  23:40  Ghost  
  198  23:46  Marine  
  198  23:47  Marauder  
  148  23:56  Marine, Ghost x3  
  148  23:57  Marine x2, Ghost  
  158  24:04  Marine  
  158  24:06  SCV  
  158  24:07  SCV  
  158  24:08  SCV, Marauder, Viking  
  158  24:09  Marine  
  167  24:14  Medivac, Marine x2  
  167  24:15  Marine  
  172  24:18  SCV x2  
  172  24:19  SCV x2  
  172  24:20  Refinery  
  172  24:21  SCV  
  172  24:22  Marine  
  178  24:25  Marine x2  
  178  24:26  Marine, Ghost  
  178  24:27  Marine  
  178  24:29  Marauder  
  183  24:32  Marine  
  183  24:33  Marine  
  176  24:38  Marine  
  176  24:41  Marine  
  176  24:43  Marauder x2  
  176  24:44  Marine  
  176  24:45  Viking, Marine  
  182  24:49  Viking, SCV x2  
  182  24:50  SCV x4, Marine  
  182  24:51  Marauder  
  198  24:53  Barracks Tech Lab  
  195  25:00  Viking  
  195  25:04  Command Center  
  197  25:07  Viking  
  199  25:17  Missile Turret, Sensor Tower  
  199  25:23  Nuke  
  199  25:26  Sensor Tower  
  199  25:35  Nuke  
  199  25:36  Nuke  
  196  25:44  Viking  
  196  25:46  Viking  
  194  25:53  Liberator  
  194  25:55  Marine  
  194  25:56  Marauder, Marine x3  
  189  26:02  Viking  
  182  26:07  Viking  
  176  26:11  Viking  
  176  26:17  Viking  
  177  26:22  Viking  
  175  26:28  Marine  
  175  26:29  Marine x2  
  175  26:32  Viking  
  180  26:36  Viking  
  180  26:39  Viking, SCV  
  183  26:41  Missile Turret  
  183  26:45  SCV  
  179  26:49  Orbital Command  
  177  26:55  Viking  
  177  26:57  SCV  
  177  27:00  SCV x2  
  177  27:01  SCV x5  
  177  27:10  SCV  
  177  27:12  Liberator  
  177  27:13  Liberator, Marine  
  173  27:16  Marine  
  173  27:21  Medivac  
  176  27:27  Marine  
  176  27:28  Marauder  
  179  27:30  Marine  
  179  27:32  Marine  
Show
View Real Time Build Order
Export as new Build Order

GungFuBanDa Protoss - Winner!

Build Orders: 1 Gate Expand, Oracle Opening 

Get SALT Encoding   

  12  0:00  Probe  
  13  0:12  Probe  
  14  0:16  Pylon  
  14  0:24  Probe (Chrono Boost)  
  16  0:36  Probe (Chrono Boost), Gateway  
  16  0:43  Probe (Chrono Boost)  
  16  0:46  Assimilator  
  17  0:50  Probe  
  18  1:03  Probe  
  19  1:15  Probe  
  20  1:22  Nexus  
  20  1:34  Cybernetics Core  
  20  1:36  Probe  
  21  1:45  Pylon  
  21  1:48  Probe  
  21  1:53  Assimilator  
  22  2:00  Probe  
  23  2:07  Adept (Chrono Boost)  
  23  2:14  Probe  
  26  2:18  Stargate  
  26  2:27  Warp Gate, Probe (Chrono Boost)  
  27  2:32  Adept  
  29  2:37  Probe (Chrono Boost)  
  31  2:44  Probe (Chrono Boost)  
  31  2:45  Probe (Chrono Boost)  
  31  2:50  Probe  
  33  2:52  Probe  
  33  2:55  Shield Battery  
  34  3:02  Oracle (Chrono Boost), Probe  
  34  3:04  Probe  
  39  3:11  Adept  
  41  3:14  Probe  
  40  3:20  Probe  
  40  3:26  Probe  
  42  3:29  Pylon  
  42  3:31  Oracle (Chrono Boost)  
  45  3:36  Probe  
  46  3:49  Probe  
  46  3:53  Probe  
  48  3:56  Pylon  
  48  4:01  Probe  
  49  4:05  Probe  
  49  4:06  Gateway  
  49  4:08  Gateway  
  50  4:10  Twilight Council  
  50  4:16  Probe  
  51  4:18  Stalker  
  51  4:21  Probe  
  54  4:28  Pylon  
  54  4:32  Nexus  
  54  4:37  Probe x2  
  56  4:39  Assimilator  
  56  4:44  Blink (Chrono Boost)  
  56  4:45  Stalker  
  58  4:53  Probe x2  
  60  5:02  Stalker  
  60  5:05  Shield Battery, Probe  
  63  5:07  Pylon  
  63  5:11  Stalker x2  
  67  5:15  Probe  
  66  5:22  Shield Battery  
  66  5:23  Probe  
  66  5:27  Probe, Stalker  
  70  5:29  Pylon  
  68  5:37  Stalker x2  
  72  5:46  Shield Battery  
  72  5:49  Probe (Chrono Boost)  
  74  5:52  Stalker  
  74  5:54  Probe (Chrono Boost)  
  76  6:03  Nexus  
  76  6:04  Pylon  
  76  6:07  Forge  
  76  6:10  Gateway  
  76  6:11  Pylon  
  76  6:18  Probe  
  77  6:20  Charge (Chrono Boost)  
  77  6:25  Probe  
  78  6:30  Probe  
  79  6:37  Probe  
  80  6:42  Probe  
  81  6:49  Probe  
  81  6:53  Protoss Ground Weapons Level 1 (Chrono Boost)  
  82  6:54  Probe  
  82  6:55  Zealot x2, Sentry  
  82  6:58  Gateway  
  82  6:59  Gateway  
  90  7:01  Templar Archives, Probe (Chrono Boost)  
  90  7:04  Pylon  
  90  7:06  Probe (Chrono Boost)  
  91  7:10  Assimilator  
  91  7:13  Probe (Chrono Boost), Pylon  
  93  7:16  Probe (Chrono Boost)  
  93  7:17  Assimilator, Psionic Storm  
  93  7:20  Probe (Chrono Boost)  
  93  7:21  Assimilator  
  94  7:23  Probe x2  
  94  7:27  Pylon  
  96  7:31  Probe  
  96  7:33  Gateway  
  96  7:35  Probe, Gateway  
  96  7:36  Probe  
  99  7:38  High Templar  
  99  7:41  Shield Battery  
  101  7:49  High Templar  
  101  7:50  Zealot x2  
  101  7:51  Pylon  
  107  7:55  Nexus  
  107  8:00  Robotics Facility  
  107  8:03  Pylon  
  107  8:06  High Templar  
  107  8:08  Zealot  
  107  8:12  Probe x3  
  114  8:19  Shield Battery  
  114  8:20  Pylon  
  114  8:24  Probe x3  
  117  8:27  High Templar  
  117  8:31  High Templar  
  120  8:35  Photon Cannon, Pylon  
  120  8:36  Zealot x2, Probe x3  
  127  8:41  Shield Battery  
  127  8:47  Observer (Chrono Boost)  
  129  8:48  Probe x2  
  129  8:49  Protoss Ground Armor Level 1 (Chrono Boost)  
  129  8:50  Zealot  
  129  8:51  Zealot x2  
  134  9:00  Warp Prism (Chrono Boost)  
  136  9:03  Pylon  
  136  9:05  Probe  
  137  9:14  Robotics Bay  
  137  9:17  Robotics Facility  
  135  9:23  Pylon  
  133  9:24  Stalker x3  
  133  9:26  Immortal  
  133  9:27  Assimilator  
  143  9:40  Forge  
  143  9:41  Gateway  
  143  9:42  Gateway  
  142  9:47  High Templar x2  
  142  9:48  Probe  
  142  9:51  Photon Cannon  
  142  9:52  Zealot x6  
  159  10:04  Pylon  
  165  10:11  Disruptor x2 (Chrono Boost)  
  165  10:17  Nexus  
  157  10:25  Probe x2  
  157  10:27  Photon Cannon  
  158  10:29  Shield Battery  
  158  10:30  Pylon  
  158  10:34  Stalker x2  
  158  10:40  Protoss Ground Armor Level 2 (Chrono Boost), Stalker x2  
  158  10:41  Observer, Stalker x3  
  158  10:42  Stalker x2  
  173  10:47  Disruptor  
  173  10:49  Probe  
  177  10:52  Fleet Beacon  
  177  10:53  Protoss Ground Weapons Level 2 (Chrono Boost)  
  177  11:12  Disruptor  
  177  11:13  Probe  
  177  11:16  Gravitic Drive (Chrono Boost)  
  177  11:17  Probe x3  
  184  11:31  Probe x2  
  186  11:35  Probe  
  186  11:36  Probe  
  186  11:37  Photon Cannon  
  188  11:42  Pylon  
  188  11:44  Assimilator x2  
  188  11:46  Protoss Air Weapons Level 1  
  188  11:48  Stargate  
  188  11:51  Carrier  
  194  11:54  Assimilator  
  194  11:56  Probe, Photon Cannon  
  194  11:57  Photon Cannon  
  193  12:02  Photon Cannon  
  193  12:03  Gravitic Boosters (Chrono Boost)  
  193  12:04  Photon Cannon  
  193  12:05  Photon Cannon  
  193  12:07  Shield Battery  
  193  12:08  Pylon  
  193  12:25  Shield Battery  
  193  12:29  Photon Cannon  
  190  12:30  Pylon  
  188  12:53  Extended Thermal Lance  
  188  12:54  Carrier (Chrono Boost)  
  188  13:04  Carrier (Chrono Boost)  
  200  13:10  Photon Cannon  
  200  13:13  Photon Cannon  
  200  13:15  Photon Cannon  
  200  13:16  Shield Battery, Protoss Ground Armor Level 3 (Chrono Boost)  
  200  13:17  Protoss Ground Weapons Level 3 (Chrono Boost)  
  200  13:19  Pylon  
  198  13:23  Observer  
  197  13:36  Observer  
  197  13:39  High Templar  
  197  13:40  Nexus  
  200  13:52  Carrier x2 (Chrono Boost)  
  194  14:16  Pylon  
  194  14:18  Nexus  
  194  14:20  Protoss Air Weapons Level 2  
  194  14:23  Dark Shrine  
  192  14:24  Gateway  
  192  14:25  Gateway  
  192  14:31  Gateway  
  190  14:50  Photon Cannon  
  190  14:51  Photon Cannon  
  190  14:54  Photon Cannon  
  190  14:55  Shield Battery  
  190  14:56  Shield Battery  
  190  14:59  Pylon  
  190  15:03  Pylon  
  190  15:07  Robotics Facility  
  190  15:09  Robotics Facility  
  190  15:13  High Templar x2  
  192  15:24  Photon Cannon  
  192  15:25  Photon Cannon  
  192  15:27  Photon Cannon  
  192  15:28  Shield Battery  
  192  15:31  Pylon  
  194  15:36  Dark Templar  
  194  15:40  Warp Prism (Chrono Boost)  
  192  15:55  Dark Templar  
  191  15:57  Observer (Chrono Boost)  
  186  16:20  Probe  
  186  16:22  Photon Cannon  
  187  16:26  Photon Cannon  
  187  16:34  Shield Battery  
  187  16:35  Photon Cannon, Pylon  
  173  17:08  Assimilator  
  173  17:09  Assimilator  
  173  17:10  Photon Cannon x2  
  173  17:13  Photon Cannon  
  173  17:16  Shield Battery  
  173  17:17  Pylon  
  173  17:18  Dark Templar x2, Pylon  
  173  17:19  Nexus, Zealot x5  
  173  17:20  Zealot x5  
  173  17:22  Protoss Shields Level 1 (Chrono Boost), Warp Prism  
  195  17:31  Observer  
  186  17:39  Protoss Air Weapons Level 3 (Chrono Boost)  
  182  17:47  Dark Templar x4  
  182  17:48  Dark Templar x6  
  200  17:54  Disruptor  
  200  17:58  Disruptor  
  194  18:07  Shadow Stride (Chrono Boost)  
  183  18:19  Zealot x2  
  176  18:20  Zealot x8  
  176  18:26  Zealot x2, Sentry  
  194  18:29  Photon Cannon  
  194  18:30  Disruptor, Photon Cannon  
  194  18:31  Assimilator  
  194  18:34  Disruptor  
  197  18:40  Photon Cannon  
  192  18:42  Probe x2  
  194  18:51  Shield Battery  
  194  18:53  Shield Battery  
  194  18:54  Shield Battery  
  194  18:56  Photon Cannon  
  194  18:59  Photon Cannon  
  194  19:02  Photon Cannon  
  188  19:06  Stalker x5  
  198  19:14  Assimilator  
  185  19:42  Tempest x2  
  185  19:45  High Templar x2  
  199  19:46  Pylon  
  187  20:10  Dark Templar x5  
  187  20:11  Dark Templar  
  196  20:14  Protoss Shields Level 2  
  196  20:16  Photon Cannon  
  196  20:17  Photon Cannon  
  196  20:19  Shield Battery, Pylon  
  196  20:27  Anion Pulse-Crystals (Chrono Boost)  
  196  20:28  Protoss Air Armor Level 1  
  196  20:30  Unknown  
  196  20:40  Dark Templar, Gateway  
  196  20:42  Gateway x3  
  198  20:45  Gateway  
  198  20:58  Pylon  
  198  21:07  Gateway x2  
  181  21:12  Disruptor  
  181  21:13  Nexus  
  181  21:18  Shield Battery  
  184  21:21  Shield Battery  
  181  21:26  Archon  
  181  21:28  Zealot x3  
  181  21:29  Zealot x5  
  189  21:44  Stalker x2  
  189  21:45  Stalker x5  
  186  21:50  Disruptor  
  170  22:00  Stalker x9  
  166  22:09  Tempest x2  
  166  22:25  Zealot x13  
  166  22:29  Disruptor x2  
  198  22:41  Nexus  
  194  22:47  High Templar x3  
  200  23:11  Pylon  
  200  23:14  Photon Cannon  
  200  23:16  Shield Battery, Assimilator  
  200  23:18  Pylon  
  200  23:32  Photon Cannon  
  200  23:33  Pylon  
  140  24:06  Stalker x2  
  140  24:07  Stalker x2  
  140  24:09  High Templar x3  
  154  24:10  Zealot x9  
  172  24:17  Photon Cannon  
  172  24:18  Photon Cannon  
  172  24:19  Observer, Photon Cannon  
  172  24:20  Photon Cannon  
  172  24:22  Shield Battery  
  153  24:42  High Templar x3  
  159  24:46  Archon x2, Photon Cannon  
  159  24:47  Photon Cannon  
  159  24:53  High Templar x2  
  159  24:56  Probe (Chrono Boost)  
  159  24:57  Protoss Shields Level 3  
  170  25:00  Probe x2 (Chrono Boost), Stalker  
  170  25:01  Disruptor (Chrono Boost), Probe x3 (Chrono Boost), Stalker x3, Tempest x2 (Chrono Boost)  
  170  25:02  Probe (Chrono Boost), Stalker x3  
  200  25:11  Disruptor (Chrono Boost)  
  200  25:13  Protoss Air Armor Level 2  
  177  25:35  Dark Templar x4  
  179  25:36  Zealot x3, Dark Templar x2  
  179  25:37  Zealot x2  
  179  25:39  Probe  
  179  25:42  Probe x2  
  192  25:53  Archon  
  178  26:10  Zealot, Colossus x2  
  185  26:12  Colossus x2  
  192  26:25  Probe x2  
  176  27:00  Probe  
  176  27:01  Probe  
  164  27:05  Observer  
  162  27:14  Probe x3  
  165  27:24  Observer  
  165  27:28  Probe x3 (Chrono Boost)  
  165  27:29  Probe (Chrono Boost)  
  170  27:32  Probe (Chrono Boost)  
  170  27:33  Probe (Chrono Boost)  
  170  27:37  Probe x2 (Chrono Boost), High Templar x2  
Tags
 
Add a new tag
Caveats
  • Supply blocks, unpowered buildings, or Contaminate may cause inaccurate times.
  • Supply counts are checked every 10 seconds.